 Dungeon Crawl Stone Soup version 0.29-a0-330-g52719c12eb (webtiles) character file.

Game seed: 1926919236994156245

6188 kae the Arsonist (level 10, -7/86 HPs)
             Began as a Demigod Fire Elementalist on Apr 19, 2022.
             Mangled by a two-headed ogre
             ... wielding a +0 dire flail
              (9 damage)
             ... on level 8 of the Dungeon.
             The game lasted 00:07:37 (10906 turns).

kae the Arsonist (Demigod Fire Elementalist)       Turns: 10906, Time: 00:07:38

Health: -7/86      AC: 10    Str: 15    XL:     10   Next: 34%
Magic:  10/21      EV: 14    Int: 36    God:
Gold:   329        SH:  0    Dex: 10    Spells: 6/19 levels left

rFire   . . .      SeeInvis .   o - +5 dagger "Fagh" {pain, Will++ Int+7 Dex-4 Stlth+}
rCold   + . .      Faith    .   (no shield)
rNeg    . . .      Spirit   .   A - +0 steam dragon scales
rPois   .          Reflect  .   s - +1 helmet
rElec   .          Harm     .   w - +2 cloak
rCorr   .          Rampage  .   (no gloves)
Will    +++..                   (no boots)
Stlth   +++.......              q - amulet of regeneration
HPRegen 1.04/turn               i - +6 ring of strength
MPRegen 0.17/turn               r - ring of protection from cold

@: no status effects
A: high MP 1, forlorn, divine attributes
a: no special abilities


You were on level 8 of the Dungeon.
You visited 1 branch of the dungeon, and saw 9 of its levels.
You also visited: Sewer.

You collected 449 gold pieces.
You spent 120 gold pieces at shops.

Inventory:

Hand Weapons
 o - the +5 dagger "Fagh" (weapon) {pain, Will++ Int+7 Dex-4 Stlth+}
   (You found it on level 2 of the Dungeon)

   In the hands of one skilled in necromantic magic, it inflicts extra damage on
   living creatures.
   Int:       It affects your intelligence (+7).
   Dex:       It affects your dexterity (-4).
   Will:      It greatly increases your willpower.
   Stlth:     It makes you more stealthy.
 z - the +6 falchion "Ecsiunump" {vorpal, rPois rC+ SInv}
   (You found it on level 4 of the Dungeon)

   It inflicts extra damage upon your enemies.
   rC:        It protects you from cold.
   rPois:     It protects you from poison.
   SInv:      It lets you see invisible.
Missiles
 c - 3 throwing nets
Armour
 a - a +0 robe
 s - a +1 helmet (worn)
 w - a +2 cloak (worn)
 A - +0 steam dragon scales (worn)
Jewellery
 i - a +6 ring of strength (left hand)
 m - a ring of ice
 q - an amulet of regeneration (around neck)
 r - a ring of protection from cold (right hand)
Wands
 y - a wand of polymorph (3)
 B - a wand of flame (39)
 D - a wand of paralysis (4)
 E - a wand of acid (8)
 H - a wand of mindburst (19)
Scrolls
 g - a scroll of teleportation
 h - 2 scrolls of blinking
 u - 2 scrolls of enchant weapon
 F - 2 scrolls of identify
Potions
 b - 3 potions of magic
 d - 3 potions of mutation
 e - a potion of curing
 f - 5 potions of flight
 j - a potion of lignification
 k - a potion of invisibility
 l - 3 potions of heal wounds
 n - a potion of haste
 p - 2 potions of brilliance
 t - 3 potions of resistance
 v - 2 potions of ambrosia
 x - 2 potions of attraction
Miscellaneous
 C - a condenser vane


   Skills:
 - Level 7.5 Fighting
 + Level 6.7 Dodging
 - Level 1.7 Stealth
 - Level 5.2 Spellcasting
 - Level 5.3 Conjurations
 - Level 8.2 Fire Magic


You had 6 spell levels left.
You knew the following spells:

 Your Spells              Type           Power      Damage    Failure   Level
a - Foxfire               Conj/Fire      100%       2x1d9     1%          1
b - Scorch                Fire           100%       2d10      1%          2
c - Conjure Flame         Conj/Fire      55%        6-21      1%          3
d - Inner Flame           Hex/Fire       39%        N/A       1%          3
e - Flame Wave            Conj/Fire      55%        2d11      2%          4

Your spell library contained the following spells:

 Spells                   Type           Power      Damage    Failure   Level
 Static Discharge         Conj/Air       28%        N/A       1%          2
 Sticky Flame             Conj/Fire      55%        2d7       2%          4
 Animate Skeleton         Necr           18%        N/A       3%          1
 Pain                     Necr           36%        1d5       3%          1
 Sandblast                Erth           18%        2d7       3%          1
 Stone Arrow              Conj/Erth      56%        3d10      3%          3
 Passwall                 Tmut/Erth      7%         N/A       6%          2
 Ozocubu's Armour         Ice            9%         N/A       12%         3
 Vampiric Draining        Necr           9%         2d6       12%         3
 Dispel Undead            Necr           9%         3d8       36%         4
 Metabolic Englaciation   Hex/Ice        4%         N/A       71%         5
 Simulacrum               Ice/Necr       4%         N/A       99%         6


Dungeon Overview and Level Annotations

Branches:
Dungeon (9/15)             Temple (0/1) D:6           Sewer (visited)
   Lair: D:8-11         Orc: D:9-12

Shops:
D:7 ?

Portals:
Abyss: D:6

Annotations:
D:2 1 runed translucent door, Crazy Yiuf
D:5 Ijyb
D:7 1 runed translucent door, kae's ghost, novice TeFE


Innate Abilities, Weirdness & Mutations

You have an increased reservoir of magic. (+10% MP)
You shall have no god before yourself.
Your divine heritage dramatically boosts your attributes as you level up.


Message History

The flame wave engulfs the wight.
The wight is almost destroyed.
The flame wave engulfs the orc wizard!
You kill the orc wizard!
The wight hits you with a +4 long sword of freezing.
The wight misses you.
An orc wizard comes into view. It is wielding a +0 dagger. x2
A wave of flame ripples out!
The flame wave engulfs the wight!
You destroy the wight!
The flame wave engulfs the two-headed ogre.
The two-headed ogre is moderately wounded.
The flame wave engulfs the wight!
You destroy the wight!
The flame wave engulfs the orc!
You kill the orc!
You finish channelling waves of flame.
The two-headed ogre hits you with a +0 dire flail.
The two-headed ogre hits you with a +0 dire flail of protection!!
The two-headed ogre hits you with a +0 dire flail.
The two-headed ogre misses you.
You climb upwards.
There is a stone staircase leading down, spattered with blood here.
Things that are here:
a +0 chain mail; a +0 flail
Casting: Flame Wave (dangerous; 2% risk of failure)
Confirm with . or Enter, or press ? or * to list all spells.
The fire begins to smoulder!
Casting: Conjure Flame (safe; 1% risk of failure)
Confirm with . or Enter, or press ? or * to list all spells.
The fire ignites!
You are engulfed in blazing flames.
* * * LOW HITPOINT WARNING * * *
The two-headed ogre hits you with a +0 dire flail.
* * * LOW HITPOINT WARNING * * *
The two-headed ogre hits you with a +0 dire flail of protection!
* * * LOW HITPOINT WARNING * * *
Unknown command.
The two-headed ogre attacks as you move away!
The two-headed ogre misses you.
The two-headed ogre hits you with a +0 dire flail of protection!
You die...

#.#.#..... ##.........
##........## ######
##..........# #....#
###............ #....#
##)..C.......... #....# ######
#รท)#...(....().. #....#
#....#####>##?......)...#
#....######....@O)#.)#...#....##
####...## ##...##.(.###.##.....#
#....#####...#.#####.####.#..
##.......###...#.....# #)###
###...#..##.....########.###
###.##..............##)).#
#.######.#.#....#.......
#..#####.#..###.######).
#........#..# #.######.)


You could see a two-headed ogre.

Vanquished Creatures
  A cyclops (D:8)
  A hornet (D:7)
  Prince Ribbit (D:6)
  Sigmund (D:6)
  Eustachio (D:5)
  3 yaks
  2 wyverns (D:8)
  Grum (D:7)
  A steam dragon (D:8)
  A human (D:8)
  A warg (D:8)
  4 orc warriors
  2 black bears
  2 ice beasts
  2 ogres
  3 centaurs
  3 wolves
  A kobold brigand (D:8)
  4 bullfrogs
  A necrophage (D:5)
  A scorpion (D:6)
  A gnoll sergeant (D:8)
  5 wights
  10 killer bees
  2 howler monkeys
  4 hounds
  3 jellies
  2 orc priests (D:9)
  A gnoll shaman (D:7)
  5 iguanas (D:5)
  8 orc wizards
  Robin (D:3)
  17 gnolls
  2 river rats (D:5)
  10 adders
  2 white imps
  3 worms
  A dart slug (D:5)
  39 orcs
  8 bats
  13 endoplasms
  15 giant cockroaches
  9 hobgoblins
  9 quokkas
  5 ball pythons
  14 frilled lizards
  13 goblins
  10 kobolds
  5 rats
  A lurking horror (D:6)
255 creatures vanquished.

Vanquished Creatures (others)
  A gnoll (D:6)
  525 foxfires
526 creatures vanquished.

Grand Total: 781 creatures vanquished

Notes
Turn   | Place    | Note
-------+----------+-------------------------------------------
     0 | D:1      | kae the Demigod Fire Elementalist began the quest for the
                  | Orb.
     0 | D:1      | Reached XP level 1. HP: 14/14 MP: 5/5
    26 | D:1      | Reached skill level 1 in Conjurations
   568 | D:1      | Reached skill level 3 in Fire Magic
   945 | D:1      | Reached XP level 2. HP: 6/20 MP: 2/7
  1895 | D:2      | Learned a level 2 spell: Scorch
  1911 | D:2      | Reached XP level 3. HP: 26/26 MP: 4/8
  2356 | D:2      | Found a runed translucent door.
  2357 | D:2      | Noticed Crazy Yiuf
  2869 | D:2      | Identified the +5 dagger "Fagh" {pain, Will++ Int+7 Dex-4
                  | Stlth+}
  3325 | D:3      | Reached XP level 4. HP: 33/33 MP: 6/10
  3327 | D:3      | Noticed Robin
  3336 | D:3      | Killed Robin
  3541 | D:3      | Noticed an ice beast
  3545 | D:2      | Reached skill level 4 in Fire Magic
  3599 | D:3      | Killed an ice beast
  3600 | D:3      | Reached XP level 5. HP: 26/38 MP: 2/12
  4589 | D:4      | Noticed an ogre
  4594 | D:4      | Killed an ogre
  4595 | D:4      | Reached skill level 5 in Fire Magic
  4595 | D:4      | Reached XP level 6. HP: 45/45 MP: 7/13
  4909 | D:4      | Identified the +6 falchion "Ecsiunump" {vorpal, rPois rC+
                  | SInv}
  5202 | D:4      | Noticed a wyvern
  5295 | D:5      | Entered Level 5 of the Dungeon
  5325 | D:5      | Learned a level 3 spell: Conjure Flame
  5329 | D:5      | Learned a level 3 spell: Inner Flame
  5396 | D:5      | Found a glowing drain.
  5436 | Sewer    | Entered a sewer
  5591 | Sewer    | Reached XP level 7. HP: 47/50 MP: 9/15
  6018 | Sewer    | Reached skill level 6 in Fire Magic
  6401 | D:5      | Learned a level 4 spell: Flame Wave
  6724 | D:5      | Noticed Ijyb
  7344 | D:6      | Noticed Prince Ribbit
  7356 | D:6      | Killed Prince Ribbit
  7357 | D:6      | Reached skill level 7 in Fire Magic
  7357 | D:6      | Reached XP level 8. HP: 57/57 MP: 10/18
  7389 | D:6      | Noticed Eustachio
  7423 | D:6      | Noticed Sigmund
  7432 | D:6      | Killed Sigmund
  7447 | D:6      | Reached skill level 5 in Spellcasting
  7447 | D:6      | Reached skill level 5 in Conjurations
  7647 | D:5      | Killed Eustachio
  7648 | D:5      | Reached skill level 8 in Fire Magic
  7791 | D:6      | Found a one-way gate to the infinite horrors of the Abyss.
  7836 | D:6      | Reached skill level 1 in Fighting
  7901 | D:6      | Found a staircase to the Ecumenical Temple.
  8077 | D:6      | Noticed Maggie
  8080 | D:6      | Reached XP level 9. HP: 53/68 MP: 15/20
  8165 | D:6      | Noticed Maggie
  8165 | D:6      | Maggie changed into Maggie the scorpion
  8172 | D:6      | Killed Maggie the scorpion
  8567 | D:7      | Noticed kae's ghost (novice TeFE)
  8570 | D:7      | Found a runed translucent door.
  8617 | D:7      | Found Qiapux's Magic Scroll Shop.
  8746 | D:7      | Bought a scroll of identify for 30 gold pieces
  8747 | D:7      | Bought a scroll of identify for 30 gold pieces
  8747 | D:7      | Bought a scroll of identify for 30 gold pieces
  8747 | D:7      | Bought a scroll of identify for 30 gold pieces
  8825 | D:7      | Reached skill level 5 in Fighting
  9425 | D:8      | Noticed a cyclops
  9571 | D:8      | Noticed Grum
  9577 | D:7      | Killed Grum
 10331 | D:9      | Identified the +3 mace "Igel Ask" {antimagic, Int+2 Dex+4}
 10419 | D:8      | Reached XP level 10. HP: 57/86 MP: 9/21
 10692 | D:8      | Reached skill level 5 in Dodging
 10707 | D:8      | Killed a cyclops
 10831 | D:9      | Noticed a two-headed ogre
 10905 | D:8      | HP: 2/86 [two-headed ogre/+0 dire flail (15)]
 10906 | D:8      | Mangled by a two-headed ogre

Illustrated notes

Levels and vault maps discovered:
D:1:      dpeg_arrival_three_smaller_balls, layout_loops_corners,
          shapermc_ecumenical_altar_pompeii
D:2:      layout_basic, hex_intersection, uniq_crazy_yiuf_cottage
D:3:      layout_basic, serial_curves, eino_curves_03, eino_curves_03,
          uniq_robin
D:4:      minmay_chambers_of_fours, layout_gridville, doesnt_xom_only_xom
D:5:      layout_cave_pools, nicolae_dithmenos_shadow_blocks,
          gup_sewer_entry_bubbles, chequers_serial_rivers_large_a, uniq_ijyb
D:6:      layout_rooms, minmay_temple_entry_hall,
          nicolae_concentric_dashed_squares_mild, minmay_splitting_lines,
          amcnicky_altar_lugonu_corruption, uniq_maggie, uniq_eustachio,
          uniq_sigmund, uniq_prince_ribbit1
D:7:      layout_cave_pools, serial_shops,
          nicolae_shop_competitors_out_of_business,
          hellmonk_ghost_happy_afterlife
D:8:      layout_rooms, gammafunk_temple_overflow_pools, uniq_grum
D:9:      layout_rooms, erik_orc_4, uniq_erica, uniq_harold

Skill      XL: |  1  2  3  4  5  6  7  8  9 10 |
---------------+-------------------------------+-----
Conjurations   | 1 2 3 4 5 |  5.3
Fire Magic     | 3 4 5 7 8 |  8.2
Spellcasting   | 2 3 4 5 |  5.2
Fighting       | 2 7 |  7.5
Dodging        | 3 6 |  6.7
Stealth        | |  1.7

Action                   |  1- 3 |  4- 6 |  7- 9 | 10-12 || total
-------------------------+-------+-------+-------+-------++-------
Melee: Unarmed           |    26 |       |       |       ||    26
       Hand axe          |     2 |       |       |       ||     2
       Dagger            |       |    33 |    26 |     1 ||    60
 Cast: Foxfire           |    87 |    68 |   150 |       ||   305
       Scorch            |     7 |    47 |   101 |     5 ||   160
       Flame Wave        |       |       |     7 |     8 ||    15
       Conjure Flame     |       |       |     1 |     2 ||     3
Evoke: Wand              |       |       |     1 |       ||     1
  Use: Scroll            |     6 |     4 |    14 |       ||    24
       Potion            |       |     1 |     1 |       ||     2
 Stab: Sleeping          |       |     1 |       |       ||     1
Armor: Robe              |     9 |    28 |    66 |       ||   103
       Steam dragon scal |       |       |    62 |    13 ||    75
Dodge: Dodged            |    43 |    87 |   207 |    49 ||   386

Table legend: (Time is in decaauts)
 A = Elapsed time spent in this place.
 B = Non-inter-level travel time spent in this place.
 C = Inter-level travel time spent in this place.
 D = Time resting spent in this place.
 E = Time spent auto-exploring this place.
 F = Levels seen in this place.
 G = Mean time per level.
                   A        B        C        D        E       F      G
               +--------+--------+--------+--------+--------+-----+--------+
         Total |  11121 |  10821 |    300 |   1605 |   7022 |  10 | 1112.1 |
       Dungeon |  10008 |   9708 |    300 |   1565 |   6319 |   9 | 1112.0 |
         Sewer |   1113 |   1113 |      0 |     40 |    703 |   1 | 1113.0 |
               +--------+--------+--------+--------+--------+-----+--------+

Top non-repeatable levels by time:
     D:1: 2089 daAuts
     D:2: 1381 daAuts
     D:5: 1271 daAuts
     D:8: 1217 daAuts
     D:7: 1180 daAuts
   Sewer: 1113 daAuts
     D:6: 998 daAuts
     D:3: 980 daAuts
     D:4: 846 daAuts
     D:9: 42 daAuts
